Map: Hardwire LE

Players

Warthog - Winner!

  • Race: Terran Terran
  • Spawn Location: 7:00

Leetz

  • Race: Terran Terran
  • League: Master
  • Spawn Location: 1:00

VOD

Have the link to the VOD?

Description

Time

  • Played on: Jan. 11, 2022, 6:27 p.m.
  • Length: 16:48
Show
View Real Time Build Order
Export as new Build Order

Warthog Terran - Winner!

Build Orders: Cyclone Opening 

Get SALT Encoding   

  12  0:00  SCV  
  13  0:12  SCV  
  14  0:17  Supply Depot  
  14  0:24  SCV  
  15  0:38  SCV  
  15  0:40  Barracks  
  16  0:43  Refinery  
  16  0:51  SCV  
  16  0:56  Refinery  
  17  1:03  SCV  
  18  1:15  SCV  
  19  1:29  Reaper, Orbital Command  
  20  1:42  Factory  
  20  1:48  Supply Depot  
  20  1:55  SCV  
  21  2:01  Reaper  
  21  2:07  SCV  
  23  2:20  Command Center  
  24  2:22  SCV  
  24  2:26  Factory Tech Lab  
  24  2:40  SCV  
  24  2:41  Barracks Reactor  
  25  2:51  Supply Depot  
  25  2:52  Cyclone  
  25  2:55  SCV  
  29  3:00  Barracks  
  29  3:07  SCV  
  30  3:25  Cyclone  
  30  3:26  Marine x2  
  35  3:31  SCV  
  35  3:33  Orbital Command  
  36  3:43  SCV, Marine  
  38  3:53  Starport  
  38  3:54  Marine  
  39  3:57  SCV  
  39  4:01  Marine  
  41  4:05  Factory Reactor  
  41  4:08  SCV  
  41  4:09  SCV  
  43  4:10  Marine  
  43  4:11  Stimpack  
  43  4:12  Marine  
  45  4:27  SCV x2  
  47  4:33  Supply Depot  
  47  4:34  Supply Depot  
  47  4:35  Marine x3  
  50  4:39  SCV  
  50  4:42  Barracks  
  51  4:45  SCV  
  51  4:48  Medivac  
  51  4:49  Factory Reactor  
  54  4:54  Medivac, Marine x3  
  54  4:55  SCV  
  54  4:57  Factory Tech Lab  
  54  4:58  SCV  
  61  5:02  Supply Depot  
  62  5:07  SCV  
  62  5:10  SCV  
  62  5:12  Marine x3  
  66  5:19  SCV  
  67  5:22  SCV  
  67  5:25  Command Center  
  67  5:28  Supply Depot  
  68  5:30  Marine  
  68  5:31  SCV  
  68  5:34  Marine  
  72  5:41  Barracks Reactor  
  72  5:42  Siege Tank, Marine  
  76  5:47  SCV  
  76  5:48  Marine  
  77  5:52  Marine  
  77  5:53  Barracks x2  
  77  5:55  SCV, Starport Reactor  
  77  5:56  Supply Depot  
  79  5:59  SCV  
  79  6:00  Refinery x2  
  79  6:02  Engineering Bay  
  79  6:03  Engineering Bay  
  80  6:05  Combat Shield  
  80  6:08  SCV  
  82  6:11  SCV  
  82  6:20  SCV  
  82  6:21  Supply Depot, Marine x3  
  82  6:23  SCV  
  77  6:40  Marine x3  
  77  6:41  Marauder, Marine  
  77  6:42  Barracks Tech Lab  
  83  6:52  Marine  
  83  6:53  Terran Infantry Armor Level 1, Terran Infantry Weapons Level 1, Orbital Command  
  84  6:55  Armory  
  84  6:56  Siege Tank  
  84  6:58  SCV  
  84  7:00  SCV  
  89  7:02  Marauder  
  91  7:13  Marauder, Marine  
  91  7:20  Supply Depot, SCV x2  
  91  7:21  Marine x2  
  91  7:22  Supply Depot, Marine x3  
  98  7:23  Concussive Shells, Marauder  
  98  7:24  Orbital Command  
  100  7:31  Marine  
  100  7:32  SCV  
  100  7:35  Marauder  
  104  7:39  Marine x2  
  104  7:40  Marine x2  
  107  7:44  Supply Depot  
  107  7:45  Marauder  
  107  7:47  SCV  
  107  7:48  Supply Depot  
  107  7:50  SCV x2  
  107  7:51  Marine  
  112  7:56  Marauder  
  115  8:06  Marauder  
  115  8:07  SCV x3  
  115  8:11  Supply Depot, Marine  
  121  8:12  Supply Depot  
  121  8:17  Marauder  
  121  8:18  Marine  
  121  8:19  SCV, Marine  
  126  8:21  Marine x2  
  126  8:23  SCV x2  
  126  8:25  Refinery, Marine  
  126  8:26  Refinery  
  131  8:27  Marauder  
  131  8:31  SCV  
  134  8:34  Marine  
  134  8:36  Supply Depot, Marine  
  134  8:39  Marauder, Marine  
  134  8:40  Command Center, Marine  
  140  8:41  Medivac  
  140  8:43  Medivac  
  140  8:47  Supply Depot  
  144  8:49  Marauder  
  144  8:55  Terran Infantry Weapons Level 2  
  146  8:56  Terran Vehicle Weapons Level 1, Terran Infantry Armor Level 2  
  146  9:00  Marauder  
  146  9:01  Marine  
  146  9:02  Marine x5  
  148  9:10  Marauder  
  150  9:19  Marine  
  150  9:20  Marine x4  
  150  9:22  Marauder  
  157  9:30  SCV x2  
  159  9:32  Marauder  
  159  9:34  SCV, Marine  
  159  9:37  Marine x2  
  159  9:38  Siege Tank  
  168  9:40  Marine x3  
  168  9:41  Barracks  
  168  9:42  SCV x2  
  168  9:43  Barracks, Marauder  
  168  9:44  Barracks  
  175  9:52  Marine  
  170  9:53  Marauder  
  170  9:55  Marine x2  
  170  9:58  Marine  
  175  10:00  Orbital Command  
  175  10:04  Marauder  
  175  10:05  SCV  
  178  10:09  Command Center  
  178  10:14  Marauder  
  180  10:24  Supply Depot  
  180  10:25  Marine x3  
  180  10:26  Marauder  
  180  10:28  SCV x4  
  187  10:34  Marine x4  
  187  10:35  Siege Tank  
  196  10:41  Factory  
  196  10:45  SCV x3  
  199  10:56  Marine  
  200  10:59  Medivac, Marauder  
  200  11:02  Marauder, Marine  
  197  11:07  Medivac, Siege Tank  
  184  11:12  Marine x2  
  181  11:21  Marauder  
  181  11:23  Barracks Tech Lab x2  
  181  11:24  Barracks Tech Lab, Marauder  
  181  11:25  Planetary Fortress  
  185  11:30  Command Center  
  180  11:33  Command Center  
  180  11:34  Marine x2  
  180  11:39  Command Center, Siege Tank  
  155  11:41  Marine x4  
  155  11:42  Medivac, Marauder  
  155  11:45  Factory Tech Lab, Marauder  
  155  11:46  Terran Infantry Weapons Level 3, Terran Infantry Armor Level 3  
  155  11:52  Refinery x2  
  155  11:53  Refinery  
  155  11:54  Refinery  
  134  12:10  Medivac, Siege Tank, Marine x2  
  134  12:11  Marauder, Marine x2, Siege Tank  
  134  12:13  Marine  
  134  12:14  Marauder, Marine x3  
  124  12:17  Medivac  
  123  12:26  Marauder  
  123  12:28  Marine x2  
  123  12:29  Marine  
  127  12:31  Marine  
  127  12:32  Marauder x2  
  131  12:40  Medivac, Marine  
  131  12:41  Marauder, Marine x2  
  131  12:42  Siege Tank  
  131  12:43  Siege Tank  
  144  12:47  Marine  
  144  12:48  Marauder  
  144  12:49  Medivac  
  142  12:51  Orbital Command  
  142  12:52  Orbital Command x2  
  142  12:55  Marine x2  
  142  12:56  Marauder, Marine x2  
  147  12:58  Marine  
  147  12:59  Marauder  
  150  13:08  Marauder, Marine x2  
  150  13:09  Marine  
  155  13:13  Marine x3  
  155  13:14  Marauder, Siege Tank  
  155  13:15  Siege Tank  
  155  13:16  Marine  
  155  13:17  Marauder  
  166  13:20  Marine  
  166  13:25  Marine  
  145  13:29  Marine  
  145  13:30  Marauder  
  145  13:34  Marauder, Marine x3  
  137  13:41  Marauder, Marine  
  144  13:46  Siege Tank  
  144  13:47  Siege Tank, Marine x2  
  144  13:48  Marauder, Marine  
  151  13:50  Marine  
  151  13:52  Marine x3  
  147  13:56  Medivac, Marauder  
  147  13:58  Marine  
  143  14:03  Marauder  
  143  14:04  Medivac  
  143  14:05  Marine x2  
  143  14:06  Marauder  
  143  14:08  Marine  
  143  14:09  Marine  
  143  14:11  Marine x2  
  143  14:12  Marine  
  136  14:17  Marauder  
  136  14:18  Siege Tank  
  136  14:19  Siege Tank  
  144  14:26  Viking  
  140  14:34  Medivac  
  138  14:47  Marine  
  138  14:48  Marauder  
  138  14:50  Siege Tank  
  138  14:51  Siege Tank  
  132  14:55  Marine x3  
  132  14:56  Medivac, Marauder  
  132  14:59  Marauder, Marine x2  
  142  15:03  Marauder, Marine  
  142  15:04  Medivac  
  142  15:05  Marine  
  141  15:09  Marine  
  141  15:13  Marine x3  
  145  15:16  Marine  
  145  15:17  Marauder, Marine  
  145  15:20  Marine  
  145  15:21  Marine  
  144  15:23  Siege Tank, Marine  
  144  15:24  Siege Tank  
  144  15:25  Marauder  
  144  15:26  Medivac, Marine  
  157  15:31  Marine x3  
  157  15:34  Medivac, Marine x2  
  161  15:38  Marauder x2  
  161  15:39  Marine  
  161  15:41  Marine  
  167  15:45  Marauder  
  167  15:46  Marine  
  167  15:49  Marine x2  
  146  15:51  Marine  
  146  15:52  Marine  
  146  15:55  Siege Tank  
  146  15:56  Medivac, Siege Tank  
  155  15:57  Marauder  
  155  15:59  Marine x2  
  155  16:00  Marauder x2  
  155  16:04  Missile Turret, Medivac, Marauder  
  164  16:11  Marauder, Marine x4  
  164  16:12  Command Center  
  164  16:17  Marine x2  
  164  16:18  Marine  
  173  16:20  Marine  
  173  16:21  Marine  
  173  16:25  Marine  
  176  16:29  Marine x3  
Show
View Real Time Build Order
Export as new Build Order

Leetz Terran 

Build Orders: Reaper Expand, Mech 

Get SALT Encoding   

  12  0:00  SCV  
  13  0:12  SCV  
  14  0:17  Supply Depot  
  14  0:24  SCV  
  15  0:38  SCV  
  15  0:39  Barracks  
  16  0:42  Refinery  
  16  0:50  SCV  
  17  1:02  SCV  
  18  1:15  SCV  
  19  1:26  Reaper  
  19  1:27  Orbital Command  
  20  1:42  Command Center  
  20  1:49  Supply Depot  
  20  1:53  SCV  
  21  1:57  Marine  
  22  2:05  SCV  
  23  2:09  Factory  
  23  2:17  Bunker  
  23  2:18  SCV  
  23  2:21  Barracks Reactor  
  24  2:25  Refinery  
  24  2:30  SCV  
  25  2:43  SCV  
  26  2:54  Hellion  
  26  2:55  Orbital Command  
  28  2:59  Marine, Starport  
  29  3:05  SCV  
  29  3:12  Marine  
  31  3:17  Marine  
  32  3:21  SCV x2  
  32  3:26  Factory Tech Lab  
  34  3:29  Supply Depot  
  34  3:30  Marine  
  34  3:33  SCV x2  
  37  3:39  Viking  
  39  3:46  SCV  
  39  3:47  SCV  
  41  3:49  Siege Tank  
  41  3:54  Supply Depot  
  44  3:58  SCV  
  44  4:00  SCV  
  46  4:10  SCV  
  46  4:11  Starport Tech Lab  
  46  4:12  SCV  
  48  4:22  SCV  
  49  4:24  SCV  
  49  4:25  Command Center  
  49  4:27  Siege Tank  
  49  4:30  Refinery  
  53  4:32  Supply Depot, Refinery  
  53  4:35  SCV  
  53  4:37  SCV  
  55  4:40  Raven  
  55  4:45  Supply Depot  
  57  4:47  SCV  
  57  4:49  SCV  
  59  4:56  Marine x2  
  59  4:59  SCV  
  62  5:00  Engineering Bay  
  62  5:01  SCV  
  62  5:02  Siege Tank  
  66  5:11  SCV  
  66  5:12  Supply Depot  
  66  5:13  SCV  
  68  5:18  Marine x2  
  68  5:21  Supply Depot  
  70  5:23  SCV, Raven  
  70  5:25  SCV  
  74  5:35  SCV  
  75  5:36  Siege Tank, Marine x2  
  75  5:38  Orbital Command  
  75  5:42  SCV  
  81  5:43  Missile Turret  
  81  5:45  Missile Turret  
  81  5:47  SCV, Missile Turret  
  82  5:50  Missile Turret  
  82  5:54  SCV, Factory  
  83  6:00  SCV  
  83  6:01  Factory  
  84  6:05  SCV  
  84  6:11  Siege Tank  
  88  6:12  SCV  
  88  6:15  Barracks Reactor  
  88  6:17  SCV  
  90  6:24  SCV x2  
  92  6:26  Viking, Missile Turret  
  92  6:31  SCV  
  94  6:38  Missile Turret  
  91  6:40  SCV  
  91  6:43  Orbital Command  
  91  6:45  SCV  
  93  6:52  SCV, Missile Turret, Siege Tank  
  97  6:55  Supply Depot x2  
  97  7:00  Supply Depot  
  97  7:01  SCV  
  97  7:04  SCV  
  99  7:09  SCV  
  99  7:10  Refinery  
  99  7:11  Refinery, Sensor Tower  
  99  7:13  SCV  
  100  7:16  SCV  
  100  7:21  SCV  
  102  7:23  Hellion, Siege Tank, Viking x2  
  102  7:25  SCV  
  102  7:28  SCV  
  113  7:33  Supply Depot, SCV  
  114  7:38  SCV, Armory  
  114  7:39  Armory  
  114  7:40  SCV  
  114  7:41  Missile Turret  
  116  7:45  SCV  
  116  7:50  SCV  
  118  7:52  Siege Tank  
  118  7:53  Hellion x2  
  118  7:55  SCV, Command Center  
  118  7:56  Supply Depot  
  118  7:57  Supply Depot  
  118  7:58  SCV  
  127  8:02  SCV, Siege Tank  
  127  8:05  Supply Depot  
  131  8:08  SCV  
  132  8:19  Viking x2  
  136  8:26  Siege Tank  
  141  8:27  Terran Vehicle Weapons Level 1, Hellion  
  141  8:28  Terran Vehicle And Ship Armor Level 1  
  141  8:29  Sensor Tower  
  141  8:31  Factory  
  141  8:34  Factory  
  141  8:36  Siege Tank  
  141  8:40  Missile Turret  
  144  8:42  Hellion  
  146  8:49  Viking, Missile Turret  
  146  8:52  Supply Depot x2  
  146  8:53  Command Center  
  146  8:55  Viking  
  150  8:59  Missile Turret x3  
  150  9:04  Hellion x2, Siege Tank  
  157  9:14  Refinery  
  157  9:15  Refinery  
  157  9:21  Factory Tech Lab x2, Missile Turret  
  157  9:22  Missile Turret  
  157  9:25  Siege Tank  
  157  9:26  Viking x2  
  157  9:30  Planetary Fortress  
  164  9:39  Hellion x2, Siege Tank  
  164  9:43  Orbital Command  
  150  10:07  Missile Turret  
  150  10:13  Siege Tank  
  150  10:14  Siege Tank x2  
  159  10:15  SCV x3  
  159  10:17  Hellion x2, Siege Tank, Viking x2  
  159  10:18  Orbital Command  
  173  10:30  Smart Servos, Infernal Pre-Igniter  
  173  10:32  Terran Vehicle Weapons Level 2  
  173  10:34  Terran Vehicle And Ship Armor Level 2  
  173  10:42  Sensor Tower  
  173  10:52  Viking x2  
  177  11:04  Thor  
  177  11:15  Siege Tank  
  172  11:18  Siege Tank  
  172  11:33  Command Center  
  172  11:39  Command Center x2, Siege Tank  
  145  11:47  Hellion x2, Siege Tank  
  149  11:49  Thor  
  158  12:01  Siege Tank  
  158  12:03  Viking  
  158  12:06  Refinery  
  143  12:09  Refinery, Sensor Tower  
  143  12:11  Missile Turret  
  143  12:12  Viking, Siege Tank  
  143  12:13  Missile Turret  
  118  12:25  Siege Tank  
  118  12:26  Hellion x2  
  125  12:36  Siege Tank  
  125  12:37  Siege Tank  
  122  12:47  Siege Tank  
  122  12:58  Siege Tank  
  116  13:02  Missile Turret  
  116  13:06  Hellion x2  
  116  13:07  Planetary Fortress  
  108  13:21  Siege Tank  
  108  13:22  Siege Tank  
  108  13:26  Viking  
  102  13:43  Siege Tank x2  
  108  13:51  Viking  
  108  13:54  Siege Tank x2  
  108  13:56  Viking  
  97  14:15  Hellion x2, Siege Tank x2  
  104  14:21  Viking  
  104  14:26  Viking, Siege Tank, Hellion  
  107  14:43  Hellion x2  
  105  14:47  Siege Tank x3  
  105  14:51  Viking  
  103  14:56  Viking  
  103  14:58  Siege Tank  
  104  15:04  Hellion  
  93  15:17  SCV x3  
  93  15:19  Siege Tank x2  
  93  15:21  Viking  
  103  15:26  Viking, SCV x2  
  105  15:29  Siege Tank  
  105  15:35  Siege Tank  
  108  15:51  Viking, Siege Tank  
  108  15:54  Planetary Fortress  
  108  15:56  Viking  
  115  15:59  SCV  
  115  16:00  SCV x3  
  119  16:07  Refinery  
  119  16:09  Refinery  
  119  16:11  SCV  
  119  16:15  SCV x2  
  119  16:16  Missile Turret  
  125  16:23  Missile Turret x2  
  124  16:28  Missile Turret  
Tags
 
Add a new tag
Caveats
  • Supply blocks, unpowered buildings, or Contaminate may cause inaccurate times.
  • Supply counts are checked every 10 seconds.